woodfighter, chaotic female elven Rogue ---------------- ------ #-.......{......| |....| #|..............| |....| ^ #|..............| |....| ---------|-- ###|..............| |....| #............###### # ---------------- |.....###############|......{...| # |....| |...........## # --|--- -------....|########### ## |>..||#### -----# # ---.--# # |}}}.# ### ##i## ##.}}}|############` --.--------- o## |}.}|# ---.----- |....<......#####%#############f@########-};}|# |.......| |..........| ### |.}}|# |....)..| |...........####### # -----#########........| ------------ ########## |....---- |....| ------ woodfighter the Rogue Experience level: 7 Strength: 13 Dexterity: 19 Constitution: 14 Intelligence: 11 Wisdom: 12 Charisma: 9 Health: 0(51) Energy: 48(48) Def: 5 Gold: 0 Moves: 4665 Dungeon seed: ImErbPtO8iT22GaA Game ID: woodfighter_1511199597 Your Inventory: Weapons a - a +0 elven short sword (weapon in hand) l - 13 +0 elven daggers (in quiver) Armor e - an uncursed +1 leather armor (being worn) n - a cursed -1 pair of gauntlets of fumbling q - an uncursed +0 dwarvish cloak (being worn) N - an uncursed +0 pair of elven boots (being worn) Y - an uncursed +0 orcish helm (being worn) Comestibles k - an uncursed cram ration C - 4 uncursed tripe rations D - an uncursed sprig of wolfsbane H - 3 uncursed lembas wafers L - 2 uncursed food rations P - 4 uncursed magic beans Rings T - a cursed -2 ring of gain constitution Wands d - a wand of lightning (0:7) h - a wand of opening (0:3) Tools g - an uncursed blindfold s - an uncursed sack y - an uncursed lock pick U - an uncursed bag of holding V - an uncursed oil lamp (0:1224) Contents of the sack: 717 gold pieces a blessed scroll of create monster an uncursed scroll of enchant armor 2 uncursed scrolls of enchant weapon an uncursed scroll of fire 2 cursed scrolls of identify an uncursed scroll of remove curse a cursed scroll of remove curse an uncursed scroll of scare monster 3 uncursed scrolls of teleportation an uncursed spellbook of cause fear an uncursed potion of acid an uncursed potion of blindness 2 [uncursed] potions of booze an uncursed potion of sickness an uncursed potion of speed Spells and supernatural/magical abilities: Name Level Category Fail Memory W - pray for help -- divine ? -- Your skills at the end: Miscellaneous Skills wands [Basic] Weapon Skills dagger [Skilled] short sword [Basic] Spellcasting Skills Final Attributes: You were piously aligned. You were sleep resistant. Your writing hand was ok. You had infravision. You were stealthy. You were lucky. You are dead. Vanquished creatures: a small mimic a giant beetle 2 giant spiders a gnome king an owlbear 2 yetis a dog 2 blue jellies a dust vortex a plains centaur an ape a pony 2 fog clouds a shrieker a kobold mummy a guardian naga hatchling a straw golem a paper golem 3 giant ants a floating eye a kitten a homunculus a kobold lord 2 iguanas 8 hill orcs a giant bat 3 dwarf zombies a wererat 8 killer bees 4 coyotes a hobbit 2 geckos 9 giant rats a cave spider a brown mold 2 yellow molds a red mold 7 garter snakes 5 manes 2 gnome zombies 4 jackals a kobold 8 newts 3 goblins 2 sewer rats 5 grid bugs 2 lichens a kobold zombie 113 creatures vanquished. Voluntary challenges: You did not adorn yourself with jewelry or accessories. You did not cause conflict. You were not invisible. You did not have reflection. You were not displaced. You used a wielded weapon 116 times, starting on turn 71. You did not apply a unicorn horn. You did not use plumbed fixtures. You did not drink any magical draughts. You read items or engraved 1 time, starting on turn 4272. You never genocided any monsters. You never polymorphed an object. You never changed form. You used no wishes. You never split a pudding. You never wrote Elbereth's name. You never violated your personal moral code. Dungeon overview: The Dungeons of Doom: levels 1 to 10 Level 1 an altar to Kos, a fountain a long staircase Level 2 an altar to Issek Level 3 stairs to The Gnomish Mines Level 4 a fountain Level 5 a scroll shop, some fountains Level 6 an altar to Kos, a fountain Level 7 <- You were here some fountains Level 8 (unicorn) many fountains Level 9 a fountain stairs to Sokoban Level 10 The Gnomish Mines: Level 4 stairs to The Dungeons of Doom Sokoban: Level 8 an altar to Kos, a magic chest stairs to The Dungeons of Doom History has recorded: On T:1 you entered the Dungeons of Doom to retrieve the Amulet of Yendor! On T:138 you reached level 2 of The Dungeons of Doom. On T:355 you reached level 3 of The Dungeons of Doom. On T:634 you reached level 4 of The Dungeons of Doom. On T:805 you advanced to experience level 2. On T:920 you reached level 1 of The Gnomish Mines. On T:1080 you reached level 5 of The Dungeons of Doom. On T:1510 you prayed to Kos. On T:1693 you advanced to experience level 3. On T:1826 you advanced to experience level 4. On T:2159 you advanced to experience level 5. On T:2195 you reached level 6 of The Dungeons of Doom. On T:2444 you reached level 7 of The Dungeons of Doom. On T:2750 you advanced to experience level 6. On T:2895 you reached level 8 of The Dungeons of Doom. On T:3440 you prayed to Kos. On T:3445 you advanced to experience level 7. On T:3503 you reached level 9 of The Dungeons of Doom. On T:4112 you reached level 10 of The Dungeons of Doom. On T:4141 you reached level 4 of Sokoban. On T:4270 you opened a magic chest. On T:4300 you prayed to Kos. On T:4641 you prayed to Kos. Score breakdown: Gold: 717 ( 71 points) Experience: 7 levels ( 600 points) Exploration: 10 levels ( 270 points) Discoveries: 25 items ( 1250 points) Variety of kills: 48 monsters ( 2000 points) Major goal: (nothing yet) ( 0 points) Survival: died (score multiplied by 3) Total score: 12573 Latest messages: The elven dagger hits the yeti. The yeti claws you! (2x) The yeti bites! The elven dagger hits the yeti. Your movements are now unencumbered. The yeti claws you! The yeti misses. The yeti bites! The elven dagger hits the yeti. The yeti claws you! (2x) The yeti bites! You kill the yeti! You have a little trouble lifting l - 11 +0 elven daggers (in quiver). You see here a yeti corpse. Your movements are slowed slightly because of your load. This yeti corpse tastes terrible! You stop eating. (8x) The Uruk-hai punches you! You stop eating. The Uruk-hai punches you! You die... The bag of holding is empty. The bag of holding is empty. Final status: Goodbye woodfighter the Rogue, killed by an Uruk-hai... You died in The Dungeons of Doom on dungeon level 7 with 12573 points, and 717 pieces of gold, after 4665 moves. You were level 7 with a maximum of 51 hit points when you died.